 Dungeon Crawl Stone Soup version 0.23-a0-484-g29ba69c (webtiles) character file.

275 zishaf the Stinger (level 6, 0/36 HPs)
             Began as an Octopode Venom Mage on Nov 30, 2018.
             Succumbed to Duvessa's poison
             ... on level 4 of the Dungeon.
             The game lasted 00:07:24 (3124 turns).

zishaf the Stinger (Octopode Venom Mage)            Turns: 3124, Time: 00:07:25

Health: 0/36       AC:  1    Str:  7    XL:     6   Next: 25%
Magic:  7/10       EV: 14    Int: 23    God:
Gold:   139        SH:  0    Dex: 12    Spells: 5/11 levels left

rFire    . . .     SeeInvis .   b - +2 quarterstaff (chaos)
rCold    . . .     Gourm    .   (shield currently unavailable)
rNeg     . . .     Faith    .   (helmet restricted)
rPois    .         Spirit   .   (no amulet)
rElec    .         Reflect  .   q - +3 ring of intelligence
rCorr    .         Harm     .   (no ring)
MR       .....                  (no ring)
Stlth    ++++......             (no ring)
HPRegen  0.12/turn              (no ring)
MPRegen  0.12/turn              (no ring)
                                (no ring)
                                (no ring)

@: lethally poisoned (0 -> -45)
A: almost no armour, stealthy swim, amphibious, 8 rings, constrict 8, camouflage
1, gelatinous body 1
a: no special abilities


You were on level 4 of the Dungeon.
You were very hungry.

You visited 1 branch of the dungeon, and saw 4 of its levels.

You collected 139 gold pieces.

Inventory:

Hand Weapons
 a - a +0 hunting sling
 b - a +2 quarterstaff of chaos (weapon)
Missiles
 f - 103 stones (quivered)
 k - 14 sling bullets
Jewellery
 q - a +3 ring of intelligence (left tentacle)
Wands
 n - a wand of flame (18)
Scrolls
 c - a scroll of noise {unknown}
 e - 2 scrolls of blinking
 g - 3 scrolls of fear
 h - a scroll of remove curse
 j - 3 scrolls of teleportation
 r - a scroll of enchant weapon
Potions
 d - a potion of curing {unknown}
 i - a potion of degeneration {unknown}
 l - a potion of mutation {unknown}
 m - a potion of cancellation {unknown}
 p - 2 potions of lignification {unknown}
Comestibles
 o - 7 rations


   Skills:
 + Level 3.2 Dodging
 + Level 4.6 Stealth
 + Level 3.1 Spellcasting
 + Level 2.7 Conjurations
 + Level 4.8 Poison Magic


You had 5 spell levels left.
You knew the following spells:

 Your Spells              Type           Power        Failure   Level  Hunger
a - Sting                 Conj/Pois      ###.         2%          1    None
b - Poisonous Vapours     Pois/Air       ##....       6%          2    ##.....
c - Mephitic Cloud        Conj/Pois/Air  ###.....     12%         3    ###....

Your spell library contained the following spells:

 Spells                   Type           Power        Failure   Level  Hunger
 Olgreb's Toxic Radiance  Pois           ####....     16%         4    ####...
 Venom Bolt               Conj/Pois      ###.......   54%         5    ######.


Dungeon Overview and Level Annotations

Branches:
Dungeon (4/15)
 Temple: D:4-7

Altars:
Xom

Annotations:
D:4 Dowan, Duvessa


Innate Abilities, Weirdness & Mutations

You cannot wear most types of armour.
You are very stealthy in the water. (Stealth+)
You are amphibious.
You can wear up to eight rings at the same time.
You can use your tentacles to constrict eight enemies at once.
Your skin changes colour to match your surroundings (Stealth+).
Your rubbery body absorbs attacks. (AC +1, EV +1)


Message History

Press: ? - help, Dir - move target cursor, f/p - Duvessa
Aim: Duvessa, wielding a +1 rapier of venom and wearing a cursed +0 chain mail Poisonous vapours surround Duvessa!
You feel sick.
Duvessa is engulfed in poison gas.
Duvessa looks even sicker.
Duvessa hits you with a +1 rapier of venom!
You are lethally poisoned!
You feel sick.
You feel sick.
Dowan casts a spell.
Dowan blinks!
Duvessa hits you with a +1 rapier of venom.
You are more poisoned.
You feel very sick.
You feel sick.
A hound comes into view.
Duvessa hits you with a +1 rapier of venom!
* * * LOW HITPOINT WARNING * * *
You are more poisoned.
There is a stone staircase leading up here.
You die...

#.## #.....#...##
########.######...........
#...............###.<..###
#....##..######## ###..# #
#....#..## #..# #
##..##.## #...#
##....###### ##...#
#...##....##### ##..#
##.#..#.@.....h. ...
#..##...e..##### ...
#.####..#### .## #.#
##...# #.###..#.#
#.##..##.## #.##.###..#
##.##.# ##e# ##.....#
#.=...e#


You could see Duvessa and a hound (wandering).

Vanquished Creatures
  4 crimson imps (D:3)
  Crazy Yiuf (D:2)
  Terence (D:2)
  An adder (D:3)
  An ooze (D:2)
  8 leopard geckos
  3 orcs (D:3)
  7 bats
  3 giant cockroaches
  10 goblins
  8 hobgoblins
  A ball python (D:4)
  6 frilled lizards
  6 kobolds
  4 rats
64 creatures vanquished.

Notes
Turn   | Place    | Note
-------+----------+-------------------------------------------
     0 | D:1      | zishaf the Octopode Venom Mage began the quest for the Orb.
     0 | D:1      | Reached XP level 1. HP: 11/11 MP: 3/3
   136 | D:1      | Reached XP level 2. HP: 12/17 MP: 1/5
   676 | D:1      | Reached XP level 3. HP: 12/21 MP: 3/6
  1073 | D:2      | Noticed Terence
  1083 | D:1      | Learned a level 2 spell: Poisonous Vapours
  1087 | D:1      | Learned a level 3 spell: Mephitic Cloud
  1102 | D:2      | Killed Terence
  1311 | D:2      | Reached XP level 4. HP: 27/27 MP: 7/7
  1847 | D:2      | Found a runed door.
  1851 | D:2      | Noticed Crazy Yiuf
  1857 | D:2      | Killed Crazy Yiuf
  2049 | D:3      | Reached XP level 5. HP: 31/31 MP: 3/9
  2238 | D:3      | Found a shimmering altar of Xom.
  2968 | D:3      | Reached XP level 6. HP: 36/36 MP: 10/10
  3114 | D:4      | Noticed Duvessa
  3114 | D:4      | Noticed Dowan
  3124 | D:4      | Succumbed to Duvessa's poison

Vault maps used:
D:1:      tarquinn_simple_flora_water_b
D:2:      serial_glass, glass_columns_c, glass_columns_a, uniq_terence,
          uniq_crazy_yiuf_cottage
D:3:      first_ration, led_xom_imps
D:4:      minitemple, uniq_duvessa

Skill      XL: |  1  2  3  4  5 |
---------------+----------------+-----
Stealth        | 3 4 |  4.6
Poison Magic   | 4 |  4.8
Conjurations   | 2 |  2.7
Dodging        | 3 |  3.2
Spellcasting   | 3 |  3.1

Action                   |  1- 3 |  4- 6 || total
-------------------------+-------+-------++-------
Melee: Quarterstaff      |       |    41 ||    41
       Constrict         |       |     9 ||     9
       Tentacles         |       |     3 ||     3
 Fire: Hunting sling     |    71 |    65 ||   136
 Cast: Sting             |    18 |       ||    18
       Poisonous Vapours |     2 |    10 ||    12
  Use: Scroll            |       |     6 ||     6
 Stab: Sleeping          |       |     3 ||     3
  Eat: Chunk             |     1 |     5 ||     6
Armor: Skin              |     7 |     4 ||    11
Dodge: Dodged            |    34 |    61 ||    95

Table legend:
 A = Non-vault XP
 B = Vault XP
 C = Vault XP percentage of total XP
 D = Non-vault monster count
 E = Vault monster count
 F = Vault count percentage of total count
                 A         B        C        D         E       F
            +---------+---------+-------+---------+---------+-------
      Total |     125 |     269 |  68.3 |      58 |       6 |   9.4
            +---------+---------+-------+---------+---------+-------
        D:1 |      42 |       0 |   0.0 |      24 |       0 |   0.0
        D:2 |      28 |      73 |  72.3 |      14 |       2 |  12.5
        D:3 |      51 |     196 |  79.4 |      18 |       4 |  18.2
        D:4 |       4 |       0 |   0.0 |       2 |       0 |   0.0
            +---------+---------+-------+---------+---------+-------
